 Dungeon Crawl Stone Soup version 0.31.0-11-ge490571c62 (webtiles) character file.

Game seed: 16848060888057580831

92 qw the Shooter (level 4, -7/22 HPs)
             Began as a Spriggan Hunter on Feb 5, 2024.
             Killed from afar by Natasha (9 damage)
             ... with a magic dart
             ... on level 2 of the Dungeon.
             The game lasted 00:00:41 (1107 turns).

qw the Shooter (Spriggan Hunter)                    Turns: 1107, Time: 00:00:41

Health: -7/22      AC:  2    Str:  7    XL:     4   Next: 35%
Magic:  5/5        EV: 20    Int: 10    God:
Gold:   94         SH:  0    Dex: 20    Spells: 3/3 levels left

rFire   . . .        a - +0 shortbow
rCold   . . .        (shield currently unavailable)
rNeg    . . .        c - +0 robe
rPois   .            (helmet restricted)
rElec   .            (no cloak)
rCorr   .            (gloves unavailable)
SInv    +            (boots unavailable)
Will    .....        (no amulet)
Stlth   ++           (no ring)
HPRegen 0.23/turn    (no ring)
MPRegen 0.09/turn

%: no passive effects
@: slowed, quick
A: very small, no large weapons, unfitting armour, see invisible, speed 3
a: no special abilities


You were on level 2 of the Dungeon.
You visited 1 branch of the dungeon, and saw 2 of its levels.

You collected 118 gold pieces.
You spent 24 gold pieces at shops.


Innate Abilities, Weirdness & Mutations

You are very small and have problems with some larger weapons.
You are too small for most types of armour.
You have supernaturally acute eyesight. (SInv)
You cover ground extremely quickly. (Speed+++)


   Skills:
 - Level 1.5 Fighting
 - Level 5.0 Ranged Weapons
 + Level 4.8 Dodging
 - Level 1.5 Stealth


You had 3 spell levels left.
You didn't know any spells.
Your spell library was empty.

Inventory:

Hand Weapons
 a - a +0 shortbow (weapon)
Armour
 b - a +2 robe of willpower
 c - a +0 robe (worn)
Scrolls
 g - 2 scrolls of identify
 h - a scroll of enchant armour {unknown}
 i - a scroll of enchant weapon {unknown}
 j - a scroll of immolation {unknown}
Potions
 d - 2 potions of curing
 e - a potion of attraction {unknown}
 f - a potion of resistance {unknown}

Dungeon Overview and Level Annotations

Branches:
Dungeon (2/15)

Altars:

Shops:
D:2 *

Annotations:
D:2 Natasha


Message History

The arrow closely misses the cerulean imp. x2
You feel sick. The adder closely misses you. The adder completely misses you.
The cerulean imp closely misses you.
You shoot an arrow. The arrow hits the adder!
You kill the adder!
You feel sick.
The cerulean imp hits you from afar with a +0 spear.
The cerulean imp misses you.
Natasha howls an incantation.
Natasha's front paws start to glow.
You shoot an arrow. The arrow hits the cerulean imp.
The cerulean imp is moderately wounded.
You feel sick.
You are no longer poisoned.
The cerulean imp misses you.
The cerulean imp hits you but does no damage.
You shoot an arrow.
The arrow closely misses the cerulean imp.
The arrow hits the cerulean imp but does no damage.
The cerulean imp is moderately wounded.
The cerulean imp disappears in a puff of smoke!
The cerulean imp barely misses you.
Natasha mumbles some strange words.
You shoot an arrow. The arrow hits the cerulean imp.
The cerulean imp is heavily wounded.
The cerulean imp hits you but does no damage.
The cerulean imp hits you from afar with a +2 spear!
You shoot an arrow.
The arrow barely misses the cerulean imp.
The arrow hits the cerulean imp.
The cerulean imp is heavily wounded.
The cerulean imp disappears in a puff of smoke!
The cerulean imp hits you but does no damage.
You shoot an arrow. The arrow hits the cerulean imp.
The cerulean imp is severely wounded.
The cerulean imp disappears in a puff of smoke!
Natasha stares at you and mumbles some strange words.
The magic dart hits you!
You die...
Natasha begins licking her fur clean.

#...# #%.### #...#
#....# #..5#
#...##.# ###w#
#####.###... #.##
#.<...##.... #hw#
#.######.### ##ยค#
#.# #.# # #.# ##.#
##.### #@#
#..#####..... #.#
##.###.....### #.#
#.......####..
##.###...##### ##.#
#....#..## #...
#......## ###.#.
#.....## #.....
#....## ####.##.#
##....######....#..#


You could see a ribbon worm, Natasha, a cerulean imp (summoned) and a dart slug.

Vanquished Creatures
  Jessica (D:2)
  3 adders (D:2)
  A dart slug (D:2)
  A ribbon worm (D:2)
  4 ball pythons
  3 endoplasms (D:2)
  2 giant cockroaches
  2 hobgoblins
  5 kobolds
  3 quokkas
  4 bats
  A frilled lizard (D:1)
  3 goblins
  2 rats (D:2)
35 creatures vanquished.

Notes
Turn   | Place    | Note
-------+----------+-------------------------------------------
     0 | D:1      | qw the Spriggan Hunter began the quest for the Orb.
     0 | D:1      | Reached XP level 1. HP: 10/10 MP: 2/2
     0 | D:1      | 0 ||| qw: Version: 0.3-a-160-g6735b56
     0 | D:1      | 0 ||| qw: Game counter: 6170
     0 | D:1      | 0 ||| qw: Melee chars always use a shield: true
     0 | D:1      | 0 ||| qw: God list: Okawaru
     0 | D:1      | 0 ||| qw: Allow faded altars: false
     0 | D:1      | 0 ||| qw: Do Orc after clearing Dungeon:15 true
     0 | D:1      | 0 ||| qw: Do second Lair branch before Depths: true
     0 | D:1      | 0 ||| qw: Lair rune preference: random
     0 | D:1      | 0 ||| qw: Goals: Normal
     0 | D:1      | 0 ||| PLANNING D:1-11
    82 | D:1      | Reached skill level 3 in Dodging
   250 | D:1      | Reached XP level 2. HP: 14/14 MP: 3/3
   639 | D:1      | 639 ||| DRINKING 2 glowing coppery potions.
   640 | D:1      | 640 ||| DROPPING scroll of butterflies.
   710 | D:2      | Noticed Jessica
   715 | D:2      | Killed Jessica
   716 | D:2      | Reached XP level 3. HP: 18/18 MP: 4/4
   767 | D:2      | Reached skill level 5 in Ranged Weapons
   830 | D:2      | Reached XP level 4. HP: 22/22 MP: 5/5
  1017 | D:2      | Found Touroil's General Store.
  1026 | D:2      | 1026 ||| SHOPLISTING +2 arbalest of flaming (241 gold, have
                  | 118).
  1026 | D:2      | 1026 ||| BUYING scroll of identify (24 gold).
  1026 | D:2      | Bought a scroll of identify for 24 gold pieces
  1083 | D:2      | Noticed Natasha
  1089 | D:2      | 1089 ||| RETREEEEATING.
  1090 | D:2      | 1090 ||| RETREEEEATING.
  1091 | D:2      | 1091 ||| RETREEEEATING.
  1092 | D:2      | 1092 ||| RETREEEEATING.
  1093 | D:2      | 1093 ||| RETREEEEATING.
  1094 | D:2      | 1094 ||| RETREEEEATING.
  1095 | D:2      | 1095 ||| RETREEEEATING.
  1096 | D:2      | 1096 ||| RETREEEEATING.
  1097 | D:2      | 1097 ||| RETREEEEATING.
  1098 | D:2      | 1098 ||| RETREEEEATING.
  1105 | D:2      | HP: 1/22 [cerulean imp/+2 spear[Natasha] (7)]
  1107 | D:2      | Killed from afar by Natasha

Levels and vault maps discovered:
D:1:      ebering_trefoil_3fold, layout_basic, hex_large
D:2:      layout_rooms, serial_shops, nicolae_lakefront_shop, uniq_jessica,
          uniq_natasha

Skill      XL: |  1  2  3 |
---------------+----------+-----
Dodging        | 3 4 |  4.8
Ranged Weapons | 5 |  5.0
Fighting       | |  1.5
Stealth        | |  1.5

Action                     |  1- 3 |  4- 6 || total
---------------------------+-------+-------++-------
   Fire: Shortbow          |    84 |    35 ||   119
    Use: Potion            |     1 |       ||     1
 Armour: Robe              |     4 |    14 ||    18
  Dodge: Dodged            |    25 |    20 ||    45

Table legend:
 A = Non-vault XP
 B = Vault XP
 C = Vault XP percentage of total XP
 D = Non-vault monster count
 E = Vault monster count
 F = Vault count percentage of total count
                 A         B        C        D         E       F
            +---------+---------+-------+---------+---------+-------
      Total |      95 |      37 |  28.0 |      34 |       1 |   2.9
            +---------+---------+-------+---------+---------+-------
        D:1 |      20 |       0 |   0.0 |      12 |       0 |   0.0
        D:2 |      75 |      37 |  33.0 |      22 |       1 |   4.3
            +---------+---------+-------+---------+---------+-------
